Map: Triton LE

Players

Serral - Winner!

  • Race: Zerg Zerg
  • League: Master
  • Spawn Location: 5:00

soO

  • Race: Zerg Zerg
  • League: Master
  • Spawn Location: 11:00

Event: HomeStory Cup XX

VOD

Have the link to the VOD?

Description

Time

  • Played on: Nov. 23, 2019, 10:33 a.m.
  • Length: 14:10

All games in this series

Show
View Real Time Build Order
Export as new Build Order

Serral Zerg - Winner!

Build Orders: Hatch First, Lurkers, Zergling Baneling 

Get SALT Encoding   

  12  0:01  Drone  
  13  0:13  Overlord  
  13  0:17  Drone  
  14  0:31  Drone x2  
  16  0:47  Hatchery  
  15  0:51  Drone  
  15  0:54  Drone  
  17  0:57  Drone  
  18  1:08  Extractor  
  17  1:13  Spawning Pool  
  17  1:17  Drone  
  17  1:19  Drone  
  18  1:28  Drone  
  19  1:39  Drone  
  20  1:50  Drone  
  21  2:00  Queen x2, Overlord  
  25  2:01  Zergling x2  
  26  2:09  Metabolic Boost  
  26  2:11  Drone x2  
  28  2:21  Drone  
  28  2:22  Drone  
  30  2:33  Hatchery  
  30  2:36  Zergling x2  
  30  2:38  Drone  
  31  2:45  Drone  
  31  2:48  Baneling Nest  
  31  2:50  Overlord  
  31  2:53  Drone  
  32  3:04  Drone  
  33  3:06  Drone  
  33  3:10  Zergling x10  
  39  3:14  Zergling x4  
  41  3:20  Overlord  
  41  3:25  Zergling x2  
  42  3:30  Drone x2  
  42  3:33  Baneling x2  
  44  3:37  Baneling x2  
  44  3:40  Drone  
  45  3:43  Drone x3  
  48  3:49  Overlord  
  48  3:51  Evolution Chamber  
  48  3:53  Zergling x2, Drone  
  48  3:54  Drone x2  
  51  3:56  Drone  
  51  3:57  Extractor  
  51  3:59  Drone  
  51  4:04  Drone  
  51  4:07  Drone x2  
  51  4:14  Baneling x2  
  51  4:15  Zergling x6  
  53  4:20  Queen  
  53  4:21  Zerg Missile Weapons Level 1  
  53  4:22  Zergling x4  
  56  4:24  Zergling x2  
  56  4:26  Drone x2  
  56  4:29  Drone x2  
  59  4:33  Baneling  
  59  4:34  Drone  
  59  4:37  Drone  
  60  4:38  Baneling  
  60  4:39  Drone x2  
  60  4:44  Extractor  
  61  4:47  Drone  
  61  4:51  Drone  
  61  4:52  Drone x3  
  63  4:53  Lair  
  63  4:56  Drone x3  
  66  5:01  Overlord  
  66  5:03  Overlord  
  66  5:08  Roach Warren  
  66  5:13  Overlord  
  66  5:14  Drone  
  66  5:19  Drone  
  66  5:20  Drone  
  68  5:24  Zergling x2  
  68  5:25  Drone x2  
  70  5:29  Drone  
  70  5:31  Drone x2  
  73  5:36  Pneumatized Carapace  
  73  5:37  Extractor, Drone x3  
  73  5:38  Drone  
  73  5:39  Zergling x2  
  73  5:40  Drone x3  
  79  5:49  Drone x2  
  81  5:51  Extractor x2, Drone  
  81  5:52  Overseer  
  81  5:53  Glial Reconstitution  
  81  5:55  Evolution Chamber  
  79  5:59  Drone, Overlord  
  79  6:00  Drone  
  79  6:04  Overlord  
  81  6:07  Overlord x2  
  81  6:09  Overlord  
  81  6:17  Overlord  
  79  6:20  Overlord  
  79  6:21  Roach x3  
  79  6:23  Zerg Ground Armor Level 1, Zerg Missile Weapons Level 2  
  85  6:28  Overlord x2  
  85  6:29  Hatchery, Overseer  
  84  6:33  Roach x3  
  84  6:36  Drone  
  91  6:42  Overlord  
  91  6:44  Roach x5  
  91  6:45  Roach  
  103  6:48  Baneling  
  111  6:54  Roach x4  
  111  7:04  Roach x7  
  125  7:12  Roach x3  
  130  7:17  Roach x2  
  130  7:20  Tunneling Claws, Burrow  
  133  7:25  Drone x2  
  133  7:26  Drone  
  133  7:27  Ravager x2  
  133  7:28  Ravager  
  133  7:29  Roach  
  141  7:31  Overlord x2  
  141  7:32  Roach x2  
  143  7:37  Roach  
  143  7:38  Overlord, Roach x2  
  143  7:43  Roach x3  
  155  7:49  Roach x2  
  155  7:51  Ravager  
  160  7:52  Roach  
  160  7:53  Roach  
  163  8:00  Roach x2  
  163  8:05  Roach x3  
  172  8:07  Queen  
  172  8:09  Extractor  
  172  8:10  Overlord  
  172  8:11  Overseer  
  173  8:13  Overseer  
  173  8:14  Roach  
  173  8:15  Roach x4  
  183  8:22  Overlord x2  
  183  8:27  Overlord  
  183  8:31  Roach x4  
  183  8:34  Overlord  
  191  8:41  Queen  
  191  8:45  Roach  
  191  8:46  Roach x4  
  197  8:52  Roach  
  199  8:57  Spine Crawler  
  199  8:59  Spine Crawler  
  199  9:01  Infestation Pit, Ravager x2  
  198  9:06  Queen  
  198  9:07  Drone, Roach x6  
  198  9:08  Roach x4  
  198  9:09  Roach x6  
  199  9:12  Overseer  
  199  9:25  Zerg Ground Armor Level 2  
  199  9:30  Roach x7  
  187  9:39  Hive  
  187  9:40  Roach x6  
  199  9:50  Ravager  
  199  9:51  Ravager  
  197  9:55  Hydralisk Den  
  197  9:59  Overseer  
  190  10:00  Overseer  
  190  10:02  Overseer, Roach x5  
  200  10:08  Roach x10  
  200  10:10  Overseer  
  200  10:13  Ravager  
  200  10:14  Ravager  
  200  10:26  Grooved Spines  
  200  10:28  Lurker Den  
  200  10:31  Roach x11  
  193  10:36  Overseer  
  193  10:38  Drone x2  
  195  10:47  Hydralisk x2  
  199  10:53  Zerg Missile Weapons Level 3  
  176  10:57  Roach  
  176  10:58  Roach x10  
  176  11:01  Roach x5  
  184  11:05  Roach x2  
  184  11:06  Roach  
  184  11:07  Roach  
  184  11:08  Roach x5  
  174  11:12  Roach x8  
  174  11:15  Roach  
  174  11:16  Roach  
  182  11:23  Roach x16  
  184  11:28  Queen  
  184  11:31  Roach  
  184  11:32  Roach x2  
  187  11:34  Roach  
  187  11:36  Roach x9  
  187  11:37  Muscular Augments  
  187  11:42  Ravager  
  187  11:43  Ravager  
  187  11:46  Extractor  
  188  11:47  Drone x3  
  188  11:48  Lurker Den  
  188  11:51  Ravager, Spine Crawler  
  188  11:52  Spine Crawler  
  188  11:53  Roach x2  
  193  11:58  Roach  
  193  11:59  Roach x6  
  193  12:00  Roach  
  193  12:07  Ravager x2, Roach x4  
  199  12:22  Roach x3  
  188  12:31  Seismic Spines, Roach x7  
  188  12:32  Roach  
  188  12:33  Roach x10  
  178  12:41  Hydralisk x7  
  190  12:44  Queen  
  192  12:56  Lurker  
  193  13:05  Hydralisk x2  
  191  13:08  Lurker  
  191  13:09  Lurker  
  195  13:31  Lurker x2  
  197  13:37  Hydralisk  
  197  13:38  Hydralisk  
  195  13:44  Roach x3  
Show
View Real Time Build Order
Export as new Build Order

soO Zerg 

Build Orders: Hatch First 

Get SALT Encoding   

  12  0:00  Drone  
  13  0:12  Overlord  
  13  0:17  Drone  
  14  0:30  Drone x2  
  16  0:48  Hatchery  
  15  0:50  Drone  
  15  0:54  Drone  
  17  0:58  Drone  
  18  1:08  Extractor  
  17  1:12  Spawning Pool  
  17  1:16  Drone  
  17  1:19  Drone  
  18  1:29  Drone  
  20  1:40  Drone  
  20  1:49  Overlord  
  20  1:59  Queen x2  
  20  2:00  Zergling x2  
  25  2:01  Drone  
  26  2:09  Metabolic Boost  
  26  2:11  Drone x2  
  28  2:21  Drone x2  
  30  2:34  Hatchery  
  29  2:38  Drone  
  29  2:39  Zergling x2  
  29  2:43  Overlord  
  31  2:44  Drone  
  32  2:56  Drone  
  32  2:57  Drone, Baneling Nest  
  33  3:05  Drone  
  33  3:08  Drone  
  33  3:09  Drone  
  33  3:10  Queen, Drone  
  39  3:13  Drone  
  39  3:15  Zergling x2  
  41  3:20  Drone  
  41  3:22  Overlord  
  42  3:29  Drone  
  42  3:30  Drone  
  44  3:42  Zergling x4, Baneling x2  
  44  3:44  Zergling x8  
  44  3:45  Zergling x4  
  52  3:53  Queen  
  54  3:56  Zergling x6  
  54  3:57  Zergling x2  
  54  4:00  Zergling x2  
  58  4:04  Baneling  
  58  4:05  Baneling  
  58  4:06  Zergling x2  
  58  4:10  Zergling x2  
  58  4:12  Overlord  
  58  4:15  Baneling x2  
  58  4:16  Drone  
  58  4:18  Drone  
  58  4:21  Overlord  
  58  4:26  Evolution Chamber  
  58  4:27  Drone  
  58  4:32  Drone x2  
  58  4:36  Drone  
  58  4:37  Drone  
  58  4:38  Drone x2  
  58  4:39  Drone x3  
  58  4:41  Drone  
  64  4:49  Drone x2  
  64  4:50  Drone x2  
  64  4:51  Zerg Missile Weapons Level 1  
  67  4:54  Roach Warren  
  67  4:55  Drone x2  
  67  4:58  Lair  
  68  5:00  Extractor  
  68  5:01  Drone  
  68  5:02  Extractor, Drone  
  68  5:03  Drone  
  69  5:09  Baneling  
  69  5:10  Drone  
  69  5:11  Drone x3  
  69  5:14  Overlord x3  
  73  5:18  Overlord  
  73  5:21  Overlord  
  73  5:27  Drone  
  74  5:32  Extractor  
  74  5:34  Extractor, Drone x2  
  74  5:36  Drone x3  
  74  5:38  Drone  
  74  5:39  Drone  
  78  5:50  Drone x2  
  78  5:51  Drone  
  78  5:53  Roach x5  
  78  5:54  Extractor  
  78  5:55  Roach  
  92  6:00  Glial Reconstitution  
  92  6:06  Drone x2, Pneumatized Carapace  
  92  6:08  Roach x2  
  98  6:12  Hatchery  
  96  6:21  Roach x9  
  113  6:29  Overlord  
  113  6:37  Overlord  
  113  6:38  Overlord  
  113  6:42  Drone, Evolution Chamber  
  113  6:43  Overlord  
  113  6:44  Overlord  
  113  6:48  Zerg Missile Weapons Level 2  
  113  6:51  Drone  
  113  6:52  Burrow  
  113  6:53  Drone  
  113  6:54  Drone  
  116  6:55  Roach x2  
  116  6:56  Overseer x2  
  116  7:00  Roach x4  
  128  7:08  Roach x5  
  136  7:17  Drone x3  
  136  7:19  Roach x4  
  147  7:24  Zerg Ground Armor Level 1  
  147  7:28  Roach x3  
  153  7:32  Overlord x2  
  153  7:36  Drone  
  154  7:37  Overlord  
  154  7:39  Overlord x2  
  154  7:40  Tunneling Claws  
  154  7:45  Roach x2  
  154  7:46  Overlord  
  154  7:48  Overlord  
  158  7:54  Roach x6  
  160  8:06  Drone x5  
  160  8:09  Ravager  
  160  8:10  Ravager x3  
  169  8:14  Roach  
  169  8:15  Roach x7  
  169  8:16  Drone  
  185  8:21  Roach  
  185  8:22  Roach x2  
  191  8:29  Roach x4  
  191  8:32  Drone  
  191  8:33  Roach x4  
  180  8:56  Spine Crawler  
  180  8:57  Spine Crawler x2  
  180  8:58  Spine Crawler  
  180  9:00  Roach x12  
  200  9:08  Overseer x2  
  200  9:13  Extractor  
  188  9:36  Drone x2  
  188  9:37  Drone  
  177  9:41  Drone x4  
  177  9:45  Roach  
  183  9:53  Roach x6  
  183  9:54  Hatchery, Roach  
  183  9:55  Roach x2  
  200  10:02  Spine Crawler  
  200  10:03  Spine Crawler  
  200  10:07  Roach  
  200  10:09  Roach x10  
  200  10:10  Roach x2  
  200  10:11  Roach x8  
  200  10:23  Infestation Pit  
  189  10:45  Drone x5  
  189  10:46  Roach  
  189  10:47  Roach x2  
  200  10:51  Roach x2  
  186  10:57  Roach  
  186  10:58  Roach x10  
  186  10:59  Roach x2  
  186  11:00  Roach  
  186  11:07  Roach x2  
  186  11:09  Roach  
  186  11:10  Roach  
  182  11:14  Roach x2  
  182  11:16  Roach  
  169  11:18  Roach  
  169  11:19  Roach  
  169  11:21  Roach  
  169  11:22  Roach  
  172  11:31  Roach  
  172  11:32  Ravager x2  
  164  11:35  Roach x6  
  164  11:38  Roach x2  
  164  11:39  Ravager x5  
  186  11:40  Ravager  
  186  11:41  Roach x2  
  186  11:44  Roach x5  
  200  11:47  Overseer  
  200  12:00  Roach  
  199  12:20  Roach  
  199  12:21  Roach x2  
  188  12:24  Roach  
  188  12:25  Roach x6  
  188  12:27  Roach  
  188  12:28  Roach x2  
  184  12:30  Roach  
  184  12:35  Roach  
  143  12:37  Roach  
  143  12:39  Roach  
  135  12:47  Hatchery  
  135  12:48  Roach x4  
  142  12:56  Ravager x3  
  142  12:57  Ravager x2  
  145  13:06  Roach x3  
  151  13:15  Roach x4  
  157  13:20  Ravager  
  157  13:21  Ravager  
  157  13:31  Roach x5  
  167  13:35  Roach  
  167  13:37  Roach  
  167  13:39  Roach  
  169  13:41  Roach  
  169  13:42  Roach  
Tags
 
Add a new tag
Caveats
  • Supply blocks, unpowered buildings, or Contaminate may cause inaccurate times.
  • Supply counts are checked every 10 seconds.